 Dungeon Crawl Stone Soup version 0.30-a0-726-gd89dcf765f (webtiles) character file.

Game seed: 7521146810475833280

146 browni3141 the Digger (level 5, -4/38 HPs)
             Began as a Human Earth Elementalist on Jan 29, 2023.
             Slain by a phantom (7 damage)
             ... on level 3 of the Dungeon.
             The game lasted 00:03:55 (2852 turns).

browni3141 the Digger (Human Earth Elementalist)    Turns: 2852, Time: 00:03:56

Health: -4/38      AC:  2    Str:  9    XL:     5   Next: 53%
Magic:  7/9        EV: 12    Int: 17    God:
Gold:   178        SH:  0    Dex: 13    Spells: 7/10 levels left

rFire   . . .      SeeInvis .    k - +2 dagger (venom)
rCold   . . .      Faith    .    (no shield)
rNeg    . . .      Spirit   .    a - +0 robe
rPois   .          Reflect  .    (no helmet)
rElec   .          Harm     .    j - scarf {shadows}
rCorr   .          Rampage  .    (no gloves)
Will    .....                    (no boots)
Stlth   ++                       (no amulet)
HPRegen 0.26/turn                (no ring)
MPRegen 0.11/turn                (no ring)

@: no status effects
A: no striking features
a: no special abilities


You were on level 3 of the Dungeon.
You visited 1 branch of the dungeon, and saw 3 of its levels.

You collected 178 gold pieces.

Inventory:

Hand Weapons
 e - a +0 whip
 f - a +0 short sword
 k - a +2 dagger of venom (weapon)
Armour
 a - a +0 robe (worn)
 j - a scarf of shadows (worn)
Scrolls
 c - a scroll of identify {unknown}
 i - 2 scrolls of vulnerability {unknown}
 o - a scroll of silence {unknown}
Potions
 d - 3 potions of berserk rage {unknown}
 g - a potion of heal wounds {unknown}
 h - a potion of curing {unknown}
 l - a potion of brilliance {unknown}
 m - 3 potions of degeneration {unknown}
 n - a potion of haste {unknown}


   Skills:
 - Level 2.0 Fighting
 - Level 2.0 Dodging
 - Level 2.0 Stealth
 - Level 3.0 Spellcasting
 * Level 2.5 Transmutations
 * Level 3.9 Earth Magic


You had 7 spell levels left.
You knew the following spells:

 Your Spells              Type           Power      Damage    Failure   Level
a - Sandblast             Erth           32%        2d9       3%          1
b - Passwall              Tmut/Erth      10%        N/A       7%          2

Your spell library contained the following spells:

 Spells                   Type           Power      Damage    Failure   Level
 Stone Arrow              Conj/Erth      18%        3d8       24%         3
 Ignite Poison            Fire/Tmut/Pois 5%         N/A       36%         3
 Petrify                  Tmut/Erth      13%        N/A       41%         4
 Sticky Flame             Conj/Fire      2%         2d3       86%         4
 Ignition                 Fire           1%         3d3       100%        8


Dungeon Overview and Level Annotations

Branches:
Dungeon (3/15)

Altars:
Yredelemnul

Annotations:
D:2 Sigmund


Message History

The phantom is moderately damaged.
The kobold hits you with a +0 dagger. The phantom hits you.
You hit the kobold.
You kill the kobold!
The phantom hits you.
Casting: Sandblast (safe; 3% risk of failure)
Confirm with . or Enter, or press ? or * to list all spells.
You don't have enough magic to cast this spell.
Unknown command.
The phantom attacks as you move away! The phantom closely misses you.
The phantom attacks as you move away! The phantom hits you!
* * * LOW HITPOINT WARNING * * *
The phantom attacks as you move away! The phantom barely misses you.
There is an open door here.
Casting: Sandblast (safe; 3% risk of failure)
Confirm with . or Enter, or press ? or * to list all spells.
Aiming: Passwall (safe; 7% risk of failure)
Press: ? - help, Dir - move target, p - phantom A rock wall.
The phantom barely misses you.
You begin to meditate on the wall.
You continue meditating on the rock.
The phantom hits you.
* * * LOW HITPOINT WARNING * * *
You continue meditating on the rock.
The phantom hits you.
* * * LOW HITPOINT WARNING * * *
The phantom blinks!
You blink.
Your meditation is interrupted.
Magic courses through your body. The phantom closely misses you.
Aiming: Sandblast (safe; 3% risk of failure)
Press: ? - help, Q - select action, (/) - cycle Shift-Dir - straight line, f - phantom
Aim: a phantom (moderately damaged, 75% to hit)
The blast of sand hits the phantom!
The phantom is heavily damaged.
The phantom misses you. x2
Aiming: Sandblast (safe; 3% risk of failure)
Press: ? - help, Q - select action, (/) - cycle Shift-Dir - straight line, f/p - phantom
Aim: a phantom (heavily damaged, 75% to hit)
The blast of sand misses the phantom.
The phantom hits you!
You die...

###### ######### #....#
#.......# #### #....#
#.......# ...# #....#
#.......
######....###.....#
................@W+
..................#
.......######.....#
######.######.....#
#......'.....#
#.###.##.....# #.#
#.##.....# #
#.###.#####+##########.#
#...............$......#


You could see a phantom.

Vanquished Creatures
  Jessica (D:2)
  5 adders
  A worm (D:2)
  A dart slug (D:1)
  3 endoplasms
  A giant cockroach (D:1)
  8 goblins
  13 hobgoblins
  3 jackals (D:1)
  9 kobolds
  5 quokkas
  2 ball pythons
  8 bats
  3 frilled lizards
  4 rats (D:2)
67 creatures vanquished.

Notes
Turn   | Place    | Note
-------+----------+-------------------------------------------
     0 | D:1      | browni3141 the Human Earth Elementalist began the quest for
                  | the Orb.
     0 | D:1      | Reached XP level 1. HP: 13/13 MP: 3/3
   212 | D:1      | Reached skill level 1 in Fighting
   307 | D:1      | Reached XP level 2. HP: 21/21 MP: 3/5
   461 | D:1      | Learned a level 2 spell: Passwall
   906 | D:1      | Reached XP level 3. HP: 20/27 MP: 4/6
  1680 | D:2      | Reached XP level 4. HP: 24/33 MP: 1/7
  1762 | D:2      | Found a basalt altar of Yredelemnul.
  1852 | D:2      | Noticed Jessica
  1854 | D:2      | Killed Jessica
  1948 | D:2      | Noticed Sigmund
  2049 | D:2      | Reached XP level 5. HP: 38/38 MP: 9/9
  2808 | D:3      | Noticed a phantom
  2852 | D:3      | Slain by a phantom

Illustrated notes

Levels and vault maps discovered:
D:1:      kilobyte_arrival_exit_the_forest, layout_basic, serial_park_tiny_2,
          grunt_decor_cap, minmay_tromino_i2
D:2:      cheibrodos_greedy_goblins, layout_basic, basic_altar, uniq_jessica,
          uniq_sigmund
D:3:      layout_basic, kiku_gazebo_garden_becter

Skill      XL: |  1  2  3  4  5 |
---------------+----------------+-----
Fighting       | 1 2 |  2.0
Transmutations | 2 |  2.5
Spellcasting   | 3 |  3.0
Dodging        | |  2.0
Stealth        | |  2.0
Earth Magic    | |  3.9

Action                     |  1- 3 |  4- 6 || total
---------------------------+-------+-------++-------
  Melee: Whip              |     2 |       ||     2
         Dagger            |    18 |    83 ||   101
         Short sword       |     5 |       ||     5
   Cast: Sandblast         |    32 |    17 ||    49
         Passwall          |     1 |     2 ||     3
    Use: Potion            |       |     1 ||     1
   Stab: Sleeping          |     4 |     4 ||     8
 Armour: Robe              |     9 |    13 ||    22
  Dodge: Dodged            |    34 |    82 ||   116

Table legend: (Time is in decaauts)
 A = Elapsed time spent in this place.
 B = Non-inter-level travel time spent in this place.
 C = Inter-level travel time spent in this place.
 D = Time resting spent in this place.
 E = Time spent auto-exploring this place.
 F = Levels seen in this place.
 G = Mean time per level.
                   A        B        C        D        E       F      G
               +--------+--------+--------+--------+--------+-----+--------+
         Total |   2886 |   2806 |     80 |     28 |   2223 |   3 |  962.0 |
       Dungeon |   2886 |   2806 |     80 |     28 |   2223 |   3 |  962.0 |
               +--------+--------+--------+--------+--------+-----+--------+

Top non-repeatable levels by time:
     D:1: 1434 daAuts
     D:2: 1324 daAuts
     D:3: 127 daAuts
